 Dungeon Crawl Stone Soup version 0.26-a0-652-gafc20e3620 (webtiles) character file.

Game seed: 4060455087463629008

12093 Conn the Thaumaturge (level 11, -23/69 HPs)
             Began as an Octopode Hedge Wizard on Oct 3, 2020.
             Was a Priest of Sif Muna.
             Annihilated by a tyrant leech (33 damage)
             ... on level 2 of the Lair of Beasts.
             The game lasted 01:15:05 (16967 turns).

Conn the Thaumaturge (Octopode Hedge Wizard)       Turns: 16967, Time: 01:15:05

Health: -23/69     AC:  1    Str: 15    XL:     11   Next: 88%
Magic:  17/25      EV: 13    Int: 20    God:    Sif Muna [***...]
Gold:   726        SH:  5    Dex: 12    Spells: 15/31 levels left

rFire    + . .     SeeInvis .   a - +6 dagger (drain)
rCold    + . .     Faith    .   (no shield)
rNeg     + + .     Spirit   .   p - +0 hat
rPois    .         Reflect  +   Q - amulet of reflection
rElec    .         Harm     .   q - ring of protection from cold
rCorr    .         Rampage  .   t - +6 ring of strength
MR       .....                  P - ring of positive energy
Stlth    ++++......             T - ring of protection from cold
HPRegen  0.21/turn              M - ring of flight
MPRegen  0.19/turn              k - ring of positive energy
                                j - ring of fire
                                (no ring)

@: no status effects
A: almost no armour, stealthy swim, amphibious, 8 rings, constrict 8, camouflage
1, gelatinous body 1
a: Channel Magic, Forget Spell, Renounce Religion, Evoke Flight


You were on level 2 of the Lair of Beasts.
You worshipped Sif Muna.
Sif Muna was most pleased with you.
You visited 3 branches of the dungeon, and saw 12 of its levels.
You also visited: Ossuary and Gauntlet.

You collected 726 gold pieces.

Inventory:

Hand Weapons
 a - a +6 dagger of draining (weapon)
 J - the +0 battleaxe of the Protecting Wolf {vorpal, rElec rF+}
   (You found it in a Gauntlet)

   It inflicts extra damage upon your enemies.
   It protects you from fire.
   It insulates you from electricity.
 O - a +3 battleaxe of flaming
Missiles
 x - 12 boomerangs
 E - 25 poisoned darts (quivered)
Armour
 p - a +0 hat (worn)
Magical Staves
 b - an uncursed staff of air
 w - an uncursed staff of cold
 H - an uncursed staff of poison
Jewellery
 j - a ring of fire (on tentacle)
 k - a ring of positive energy (on tentacle)
 q - a ring of protection from cold (left tentacle)
 t - a +6 ring of strength (right tentacle)
 M - a ring of flight (on tentacle)
 P - a ring of positive energy (on tentacle)
 Q - an amulet of reflection (around mantle)
 T - a ring of protection from cold (on tentacle)
Wands
 m - a wand of digging (5)
 C - a wand of flame (44)
 K - a wand of paralysis (1)
 L - a wand of iceblast (5)
 S - a wand of acid (14)
 U - a wand of disintegration (20)
Scrolls
 d - 9 scrolls of identify
 e - a scroll of amnesia
 f - a scroll of immolation
 g - a scroll of magic mapping
 l - 2 scrolls of teleportation
 n - a scroll of blinking
 o - 7 scrolls of remove curse
 u - a scroll of enchant armour {unknown}
 y - a scroll of noise {unknown}
 A - a scroll of random uselessness {unknown}
 I - 2 scrolls of fog
 N - a scroll of fear {unknown}
 R - a scroll of vulnerability {unknown}
Potions
 c - 4 potions of curing
 h - a potion of brilliance
 i - 2 potions of berserk rage
 r - a potion of lignification
 s - 2 potions of magic
 v - 4 potions of might
 z - 3 potions of mutation
 B - a potion of flight
 D - 6 potions of stabbing
 F - 4 potions of haste
 G - a potion of cancellation


   Skills:
 + Level 4.0 Fighting
 + Level 1.0 Throwing
 + Level 2.5 Dodging
 + Level 5.5 Stealth
 * Level 10.9 Spellcasting
 * Level 7.2 Conjurations
 + Level 1.6 Hexes
 + Level 3.6 Summonings
 + Level 1.0 Necromancy
 + Level 3.6 Translocations
 * Level 5.2 Fire Magic
 + Level 3.7 Air Magic
 - Level 5.0 Poison Magic
 - Level 5.4 Invocations
 + Level 2.4 Evocations


You had 15 spell levels left.
You knew the following spells:

 Your Spells              Type           Power        Failure   Level
a - Magic Dart            Conj           ####         1%          1
b - Blink                 Tloc           N/A          1%          2
c - Call Imp              Summ           ####....     2%          2
d - Slow                  Hex            ###.....     4%          2
e - Conjure Flame         Conj/Fire      ######..     1%          3
f - Mephitic Cloud        Conj/Pois/Air  ####....     1%          3
g - Summon Small Mammal   Summ           ####         1%          1
h - Animate Skeleton      Necr           ###...       4%          1
i - Apportation           Tloc           ####..       1%          1

Your spell library contained the following spells:

 Spells                   Type           Power        Failure   Level
 Corona                   Hex            ###....      3%          1
 Haunt                    Necr/Summ      ###.......   100%        7
 Borgnjor's Revivificati  Necr           ###.......   100%        8
 Infestation              Necr           ###.......   100%        8
 Necromutation            Tmut/Necr      ##........   100%        8
 Death's Door             Necr           ###.......   100%        9


Dungeon Overview and Level Annotations

Branches:
Dungeon (9/15)             Temple (1/1) D:6            Lair (2/6) D:9
Ossuary (visited)         Gauntlet (visited)
  Swamp: Lair:2-4    Shoals: Lair:2-4     Snake: Lair:2-4    Spider: Lair:2-4
    Orc: D:9-12

Altars:
Fedhas
Gozag
Hepliaklqana
Okawaru
Qazlal
Ru
Sif Muna
Trog
Xom
Yredelemnul
Zin
The Shining One

Annotations:
D:7 3 runed translucent doors, gonzalisten's ghost, novice MiBe


Innate Abilities, Weirdness & Mutations

You cannot wear most types of armour.
You are very stealthy in the water. (Stealth+)
You are amphibious.
You can wear up to eight rings at the same time.
You can use your tentacles to constrict eight enemies at once.
Your skin changes colour to match your surroundings (Stealth+).
Your rubbery body absorbs attacks. (AC +1, EV +1)


Message History

The tyrant leech seems less confused.
The dream sheep bites you!
* * * LOW HITPOINT WARNING * * *
The tyrant leech is engulfed in noxious fumes.
The tyrant leech barely misses you.
Unknown command.
Unknown command.
You feel better.
You are engulfed in noxious fumes.
You choke on the stench!
You are confused.
* * * LOW HITPOINT WARNING * * *
The dream sheep bites you!
* * * LOW HITPOINT WARNING * * *
The dream sheep closely misses you. The tyrant leech closely misses you.
Unknown command.
Okay, then.
Unknown command.
Unknown command.
You feel better. You block the dream sheep's attack. The dream sheep bites you.
* * * LOW HITPOINT WARNING * * *
The tyrant leech bites you!!
You die...

##.##=...#.. #.
.###.....Y... #.... #P
..>......P. ..... ..
.........# ...... ###
........# .... ....
......#.## #... ....
.##......###P.# ....
##...+†Y##P..# ....
#....#.Y@....# ...
#....#.w.....# ... ###
###....#.###.#.... ##
#...###.............(..# #
............#...#####..#
#...........#### #.##
#P..?.......# #..
#...........# ##.#
#..........#########..#####
###


You could see a tyrant leech and 2 dream sheep.

Vanquished Creatures
  A minotaur (Gauntlet)
  Erica (Lair:1)
  3 two-headed ogres
  Joseph (D:9)
  Maggie (D:6)
  2 rime drakes (Gauntlet)
  2 komodo dragons
  4 blink frogs
  2 dream sheep (Lair:2)
  4 hippogriffs
  A basilisk (D:9)
  2 water moccasins
  4 ice beasts
  A porcupine (Lair:2)
  4 sky beasts
  A phantom (D:9)
  3 black bears
  2 eyes of draining (D:7)
  A swamp drake (D:9)
  4 ogres
  3 centaurs
  A big kobold (D:7)
  5 crocodiles
  Blork the orc (D:6)
  5 bullfrogs
  A water moccasin zombie (Ossuary)
  3 scorpions
  5 wights
  3 killer bees (D:9)
  An electric eel (Lair:1)
  4 centaur zombies
  2 bullfrog zombies (Ossuary)
  2 jellies
  2 orc priests
  Crazy Yiuf (D:7)
  4 hounds
  3 iguanas (D:8)
  Natasha (D:2)
  Terence (D:2)
  3 orc wizards
  9 worker ants
  3 hound zombies
  14 mummies (Ossuary)
  3 worker ant zombies (Ossuary)
  3 gnolls (D:6)
  5 adders
  2 white imps
  2 oozes
  6 adder zombies
  A worm (D:4)
  2 dart slugs
  2 leopard geckos
  21 orcs
  4 bats
  5 giant cockroaches
  6 goblins
  4 hobgoblins
  2 jackals (D:5)
  A quokka (D:8)
  4 frilled lizards
  A giant cockroach zombie (Ossuary)
  6 kobolds
  4 leopard gecko zombies
  3 quokka zombies
  5 rats
213 creatures vanquished.

Vanquished Creatures (collateral kills)
  A porcupine (Lair:2)
  2 ice beasts (D:5)
  A sky beast (D:7)
  An ogre (D:7)
  A killer bee (D:9)
  A wight (D:7)
  A hound (D:5)
  An orc wizard (D:4)
  Natasha (twice) (D:2)
  A worker ant (D:5)
  A gnoll (D:6)
  An adder (D:2)
  3 orcs (D:4)
  A hobgoblin (D:2)
18 creatures vanquished.

Vanquished Creatures (others)
  A wight (D:7)
  5 fungi (Lair:2)
  5 plants
  4 withered plants (Ossuary)
15 creatures vanquished.

Grand Total: 246 creatures vanquished

Notes
Turn   | Place    | Note
-------+----------+-------------------------------------------
     0 | D:1      | Conn the Octopode Hedge Wizard began the quest for the Orb.
     0 | D:1      | Reached XP level 1. HP: 11/11 MP: 4/4
   225 | D:1      | Reached XP level 2. HP: 8/17 MP: 0/6
   391 | D:1      | Learned a level 2 spell: Blink
   394 | D:1      | Learned a level 2 spell: Call Imp
   397 | D:1      | Learned a level 2 spell: Slow
   939 | D:2      | Noticed Natasha
   949 | D:2      | Killed Natasha
   949 | D:2      | Reached XP level 3. HP: 18/21 MP: 0/8
   967 | D:2      | Noticed Natasha
  1271 | D:2      | Noticed Terence
  1296 | D:2      | Killed Terence
  1296 | D:2      | Reached skill level 4 in Spellcasting
  1296 | D:2      | Reached XP level 4. HP: 27/27 MP: 0/10
  1370 | D:2      | Learned a level 3 spell: Conjure Flame
  1586 | D:2      | Killed Natasha
  1665 | D:2      | Noticed Natasha
  1689 | D:2      | Killed Natasha
  1808 | D:2      | Reached XP level 5. HP: 31/31 MP: 8/11
  1814 | D:2      | Learned a level 3 spell: Mephitic Cloud
  2113 | D:3      | Found an opulent altar of Gozag.
  2835 | D:4      | Reached skill level 5 in Spellcasting
  3403 | D:4      | Learned a level 1 spell: Summon Small Mammal
  3445 | D:4      | Reached XP level 6. HP: 36/36 MP: 10/14
  3478 | D:4      | Found a sacrificial altar of Ru.
  3706 | D:5      | Entered Level 5 of the Dungeon
  3739 | D:5      | Noticed a black bear
  3768 | D:5      | Killed a black bear
  3927 | D:5      | Noticed an ice beast
  3941 | D:5      | Killed an ice beast
  3941 | D:5      | Reached skill level 6 in Spellcasting
  3941 | D:5      | Reached XP level 7. HP: 13/42 MP: 7/16
  3944 | D:5      | Learned a level 1 spell: Animate Skeleton
  4235 | D:5      | Reached skill level 1 in Poison Magic
  4839 | D:5      | Learned a level 1 spell: Apportation
  4941 | D:6      | Reached XP level 8. HP: 22/47 MP: 0/18
  5125 | D:6      | Noticed Blork the orc
  5128 | D:6      | Found a staircase to the Ecumenical Temple.
  5132 | D:6      | Noticed Maggie
  5380 | D:6      | Reached skill level 1 in Fire Magic
  5380 | D:6      | Reached skill level 1 in Air Magic
  5665 | D:6      | Found a blossoming altar of Fedhas.
  5674 | D:6      | Reached skill level 7 in Spellcasting
  5813 | Temple   | Entered the Ecumenical Temple
  6068 | Temple   | Became a worshipper of Sif Muna the Loreminder
  6109 | D:6      | Reached skill level 1 in Fighting
  6651 | D:6      | Reached skill level 1 in Hexes
  6740 | D:6      | Found a stormy altar of Qazlal.
  6805 | D:6      | Paralysed by Maggie for 6 turns
  6813 | D:6      | Killed Maggie
  6813 | D:6      | Reached skill level 8 in Spellcasting
  6813 | D:6      | Reached XP level 9. HP: 53/53 MP: 16/21
  6908 | D:6      | Found an iron altar of Okawaru.
  7213 | D:6      | Killed Blork the orc
  7367 | D:7      | Found a sand-covered staircase.
  7382 | Ossuary  | Entered an ossuary
  7684 | Ossuary  | Reached * piety under Sif Muna
  8309 | Ossuary  | Reached skill level 1 in Invocations
  8570 | D:7      | Found a runed translucent door.
  8571 | D:7      | Noticed Crazy Yiuf
  8582 | D:7      | Killed Crazy Yiuf
  8830 | D:7      | Reached skill level 5 in Conjurations
  9022 | D:7      | Reached ** piety under Sif Muna
  9071 | D:7      | Found a runed translucent gate.
  9071 | D:7      | Found a runed translucent gate.
  9071 | D:7      | Found a runed translucent gate.
  9071 | D:7      | Noticed gonzalisten's ghost (novice MiBe)
  9634 | D:7      | Reached skill level 1 in Evocations
  9843 | D:7      | Reached skill level 9 in Spellcasting
  9843 | D:7      | Reached XP level 10. HP: 30/61 MP: 17/23
 10063 | D:7      | Found a bloodstained altar of Trog.
 10084 | D:7      | Reached skill level 5 in Poison Magic
 11185 | D:8      | Noticed a two-headed ogre
 11214 | D:8      | Killed a two-headed ogre
 12106 | D:9      | Found a glowing golden altar of the Shining One.
 12106 | D:9      | Noticed a two-headed ogre
 12156 | D:9      | Killed a two-headed ogre
 12534 | D:9      | Noticed Joseph
 12559 | D:9      | Killed Joseph
 12559 | D:9      | Reached skill level 10 in Spellcasting
 12559 | D:9      | Reached skill level 1 in Necromancy
 12682 | D:9      | Noticed a two-headed ogre
 12743 | D:9      | Killed a two-headed ogre
 12743 | D:9      | Reached skill level 1 in Throwing
 12743 | D:9      | Reached XP level 11. HP: 39/67 MP: 0/25
 13073 | D:9      | Found a basalt altar of Yredelemnul.
 13075 | D:9      | Found a shimmering altar of Xom.
 13163 | D:9      | Found a hazy altar of Hepliaklqana.
 13212 | D:9      | Found a glowing silver altar of Zin.
 13873 | D:9      | Found a staircase to the Lair.
 14230 | Lair:1   | Entered Level 1 of the Lair of Beasts
 14350 | Lair:1   | Found a gate leading to a gauntlet.
 14359 | Gauntlet | Entered a Gauntlet
 14359 | Gauntlet | Found a transporter.
 14369 | Gauntlet | Found a transporter.
 14371 | Gauntlet | Noticed a worldbinder
 14377 | Gauntlet | Found a transporter.
 14379 | Gauntlet | Found a transporter.
 14381 | Gauntlet | Noticed a death ooze
 14387 | Gauntlet | Found a transporter.
 14409 | Gauntlet | Found a transporter.
 14409 | Gauntlet | Noticed a glowing orange brain
 14410 | Gauntlet | Noticed a white ugly thing
 14419 | Gauntlet | Found a transporter.
 14422 | Gauntlet | Noticed a purple ugly thing
 14426 | Gauntlet | Found a runed translucent gate.
 14426 | Gauntlet | Found a runed translucent gate.
 14426 | Gauntlet | Found a runed translucent gate.
 14426 | Gauntlet | Noticed an orange crystal statue
 14429 | Gauntlet | Found a transporter.
 14449 | Gauntlet | Found a transporter.
 14464 | Gauntlet | Found a transporter.
 14465 | Gauntlet | Found a transporter.
 14511 | Gauntlet | Found a transporter.
 14529 | Gauntlet | Found a transporter.
 14541 | Gauntlet | Found a transporter.
 14846 | Gauntlet | Reached skill level 5 in Stealth
 15114 | Gauntlet | Got an ancient battleaxe
 15115 | Gauntlet | Identified the +0 battleaxe of the Protecting Wolf {vorpal,
                  | rElec rF+} (You found it in a Gauntlet)
 15139 | Gauntlet | Noticed a minotaur
 15174 | Gauntlet | Killed a minotaur
 15933 | Lair:1   | Noticed Erica
 16098 | Lair:1   | Killed Erica
 16098 | Lair:1   | Reached skill level 5 in Fire Magic
 16098 | Lair:1   | Reached skill level 5 in Invocations
 16504 | Lair:2   | Reached *** piety under Sif Muna
 16967 | Lair:2   | Annihilated by a tyrant leech

Illustrated notes

Levels and vault maps discovered:
D:1:      lightli_arrival_boilingwater, layout_basic
D:2:      layout_rooms, minivault_5, uniq_terence, uniq_natasha
D:3:      layout_loops_ring, overflow_temple_1_default
D:4:      layout_rooms, nicolae_overflow_hidden_temple, bh_walls_and_bars
D:5:      layout_cave_pools
D:6:      layout_rooms, lemuel_coloured_pillars_altar,
          nicolae_qazlal_general_emergency, lemuel_round_altar,
          minmay_temple_entry_purple_smoke, uniq_maggie, uniq_blork_the_orc
D:7:      layout_basic, enter_ossuary_4, serial_glass, glass_columns_a,
          glass_columns_a, gammafunk_ghost_necromancy,
          chequers_serial_rivers_micro_b, trog_eyes_of_draining,
          uniq_crazy_yiuf_cottage
D:8:      layout_loops_cross
D:9:      layout_roguey, nicolae_overflow_crystal_walls, lemuel_round_altar,
          minitemple, erik_lair_dragon, serial_glass, glass_columns_a,
          glass_columns_a, basic_altar, uniq_joseph
Temple:   nicolae_temple_figure_eight
Lair:1:   layout_gridlike, gauntlet_entry_generic,
          nicolae_quartered_pool_medium, uniq_erica
Lair:2:   layout_chaotic_city, minmay_swamp_entry_worms

Skill      XL: |  1  2  3  4  5  6  7  8  9 10 11 |
---------------+----------------------------------+-----
Spellcasting   | 4 5 6 8 9 10 | 10.9
Conjurations   | 2 3 4 5 6 7 |  7.2
Translocations | 2 3 |  3.6
Poison Magic   | 2 3 4 5 |  5.0
Summonings     | 2 3 |  3.6
Fire Magic     | 2 3 4 5 |  5.2
Air Magic      | 2 3 |  3.7
Fighting       | 1 2 3 4 |  4.0
Hexes          | 1 |  1.6
Invocations    | 1 4 5 |  5.4
Evocations     | 1 2 |  2.4
Stealth        | 4 5 |  5.5
Necromancy     | 1 |  1.0
Throwing       | 1 |  1.0
Dodging        | |  2.5

Action                   |  1- 3 |  4- 6 |  7- 9 | 10-12 || total
-------------------------+-------+-------+-------+-------++-------
Melee: Dagger            |     9 |    72 |   289 |   216 ||   586
       Short sword       |    16 |       |       |       ||    16
       Constrict         |     5 |    13 |    51 |    34 ||   103
       Tentacles         |       |    13 |    76 |    52 ||   141
Throw: Dart              |       |     3 |     7 |    14 ||    24
 Cast: Magic Dart        |    29 |    50 |   112 |   103 ||   294
       Call Imp          |     6 |    14 |    23 |    19 ||    62
       Blink             |       |     5 |    12 |    26 ||    43
       Slow              |       |     1 |    12 |     4 ||    17
       Mephitic Cloud    |       |     1 |    14 |    60 ||    75
       Summon Small Mamm |       |     1 |       |       ||     1
       Animate Skeleton  |       |       |    12 |     5 ||    17
       Conjure Flame     |       |       |     3 |     3 ||     6
Evoke: Wand              |       |       |     9 |    19 ||    28
  Use: Potion            |     1 |     3 |       |    15 ||    19
       Scroll            |       |       |       |    18 ||    18
 Stab: Sleeping          |     6 |     6 |     8 |     8 ||    28
       Confused          |       |     1 |     9 |    12 ||    22
       Distracted        |       |     1 |       |     1 ||     2
       Paralysed         |       |       |       |     3 ||     3
Armor: Skin              |     1 |    24 |     7 |    26 ||    58
Dodge: Dodged            |    12 |    48 |   144 |   111 ||   315
Block: Other             |       |       |       |     9 ||     9

Table legend: (Time is in decaauts)
 A = Elapsed time spent in this place.
 B = Non-inter-level travel time spent in this place.
 C = Inter-level travel time spent in this place.
 D = Time resting spent in this place.
 E = Time spent auto-exploring this place.
 F = Levels seen in this place.
 G = Mean time per level.
                   A        B        C        D        E       F      G
               +--------+--------+--------+--------+--------+-----+--------+
         Total |  17022 |  16681 |    341 |   5944 |   6547 |  14 | 1215.9 |
       Dungeon |  12864 |  12531 |    333 |   4012 |   5531 |   9 | 1429.3 |
        Temple |    267 |    267 |      0 |    221 |     20 |   1 |  267.0 |
          Lair |   1627 |   1619 |      8 |    651 |    632 |   2 |  813.5 |
       Ossuary |   1167 |   1167 |      0 |    651 |    182 |   1 | 1167.0 |
      Gauntlet |   1095 |   1095 |      0 |    409 |    182 |   1 | 1095.0 |
               +--------+--------+--------+--------+--------+-----+--------+

Top non-repeatable levels by time:
     D:7: 2150 daAuts
     D:9: 2128 daAuts
     D:6: 1891 daAuts
     D:8: 1474 daAuts
     D:5: 1470 daAuts
 Ossuary: 1167 daAuts
     D:2: 1103 daAuts
Gauntlet: 1095 daAuts
     D:1: 1029 daAuts
  Lair:1: 965 daAuts
     D:4: 839 daAuts
     D:3: 775 daAuts
  Lair:2: 662 daAuts
  Temple: 267 daAuts
